 Dungeon Crawl Stone Soup version 0.29-a0-670-g5ff2a30383 (console) character file.

Game seed: 15167842766668334823

6197 CannotBeFrozen the Placeless Demigod (level 10, -1/73 HPs)
             Began as a Demigod Warper on June 24, 2022.
             Slain by a troll zombie (3 damage)
             ... on level 10 of the Dungeon.
             The game lasted 00:50:06 (13898 turns).

CannotBeFrozen the Placeless Demigod (DgWr)        Turns: 13898, Time: 00:50:07

Health: -1/73      AC: 10    Str: 21    XL:     10   Next: 35%
Magic:  5/25       EV: 12    Int: 15    God:
Gold:   585        SH:  5    Dex: 23    Spells: 3/13 levels left

rFire   + . .      SeeInvis .   a - +5 great sword {drain, rElec rPois rCorr MP+9}
rCold   . . .      Faith    .   (shield currently unavailable)
rNeg    . . .      Spirit   .   E - +4 ring mail {rF+}
rPois   +          Reflect  +   v - -2 helmet of the Planets {Rampage Will++ Str+9 Dex-2}
rElec   +          Harm     .   e - +1 cloak
rCorr   +          Rampage  +   (no gloves)
Will    ++++.                   (no boots)
Stlth   ++........              z - amulet of Kikez {Reflect Will+ SH+5}
HPRegen 0.22/turn               n - ring of resist corrosion
MPRegen 0.19/turn               (no ring)

@: no status effects
A: high MP 1, forlorn, divine attributes
a: no special abilities


You were on level 10 of the Dungeon.
You visited 1 branch of the dungeon, and saw 11 of its levels.

You collected 585 gold pieces.

Inventory:

Hand Weapons
 a - the +5 great sword "Liseosch" (weapon) {drain, rElec rPois rCorr MP+9}
   (You found it on level 8 of the Dungeon)

   A truly terrible weapon, it drains the life of any living foe it strikes.
   rElec:     It insulates you from electricity.
   rPois:     It protects you from poison.
   MP:        It affects your magic capacity (+9).
   rCorr:     It protects you from acid and corrosion.
 b - a +1 dagger of venom
Missiles
 d - 7 boomerangs of dispersal {=f =F}
 u - 3 atropa-tipped darts {=f =F}
 y - 3 throwing nets {=f =F}
 A - 35 poisoned darts (quivered)
Armour
 e - a +1 cloak (worn)
 v - the -2 helmet of the Planets (worn) {Rampage Will++ Str+9 Dex-2}
   (You found it on level 8 of the Dungeon)

   Str:       It affects your strength (+9).
   Dex:       It affects your dexterity (-2).
   Rampage:   It bestows one free step when moving towards enemies.
   Will:      It greatly increases your willpower.
 E - a +4 ring mail of fire resistance (worn)
Jewellery
 h - a ring of fire
 n - a ring of resist corrosion (left hand)
 z - the amulet of Kikez (around neck) {Reflect Will+ SH+5}
   (You found it on level 4 of the Dungeon)

   [amulet of reflection]

   It reflects blocked missile attacks.
   SH:        It affects your SH (+5).
   Will:      It increases your willpower.
Wands
 w - a wand of mindburst (9)
 C - a wand of flame (28)
Scrolls
 c - 5 scrolls of blinking
 f - a scroll of poison
 m - a scroll of acquirement
 q - a scroll of teleportation {@r2}
 s - 2 scrolls of enchant weapon
 x - 3 scrolls of amnesia
 B - a scroll of identify {@r1}
Potions
 g - a potion of might {unknown}
 i - a potion of haste
 k - 4 potions of attraction
 l - 5 potions of curing {@q1}
 o - a potion of mutation
 r - 3 potions of lignification
 t - 2 potions of magic
 D - a potion of brilliance {unknown}


   Skills:
 - Level 2.0 Fighting
 + Level 10.3 Long Blades
 - Level 2.0 Throwing
 - Level 2.0 Armour
 - Level 2.0 Dodging
 - Level 2.0 Stealth
 - Level 2.0 Shields
 - Level 2.0 Spellcasting
 + Level 10.3 Translocations


You had 3 spell levels left.
You knew the following spells:

 Your Spells              Type           Power      Damage    Failure   Level
a - Manifold Assault      Tloc           32%        N/A       14%         5
g - Gell's Gravitas       Tloc           32%        N/A       1%          3
z - Blink                 Tloc           64%        N/A       1%          2

Your spell library contained the following spells:

 Spells                   Type           Power      Damage    Failure   Level
 Lesser Beckoning         Tloc           32%        N/A       1%          3
 Teleport Other           Tloc           32%        N/A       1%          3
 Dazzling Flash           Conj/Hex       2%         N/A       71%         3
 Dispersal                Tloc           16%        N/A       63%         6
 Animate Dead             Necr           1%         N/A       98%         4
 Agony                    Necr           1%         N/A       100%        5
 Borgnjor's Vile Clutch   Necr/Erth      0%         N/A       100%        5
 Silence                  Hex/Air        0%         N/A       100%        5
 Death Channel            Necr           0%         N/A       100%        6
 Disjunction              Tloc           16%        N/A       100%        8


Dungeon Overview and Level Annotations

Branches:
Dungeon (11/15)            Temple (0/1) D:7             Orc (0/2) D:10
   Lair: D:8-11

Annotations:
D:8 2 transporters, Bruhh's ghost, novice TrGl


Innate Abilities, Weirdness & Mutations

You have an increased reservoir of magic. (+10% MP)
You shall have no god before yourself.
Your divine heritage dramatically boosts your attributes as you level up.


Message History

* * * LOW HITPOINT WARNING * * *
The troll zombie closely misses you.
HP: 26/73 (-5) ====-------- You slice the troll zombie!!
You destroy the troll zombie!
You slice the goblin zombie!!
You destroy the goblin zombie!
You slice the goblin skeleton!!
You destroy the goblin skeleton!
An ogre zombie comes into view.
You slice the ogre zombie!!
The ogre zombie is almost destroyed.
The ogre zombie misses you.
You slash the ogre zombie!
You destroy the ogre zombie!
You slash the goblin skeleton!
The goblin skeleton is almost destroyed.
The goblin skeleton barely misses you.
You slice the goblin skeleton!!
You destroy the goblin skeleton!
You slice the orc zombie!!
You destroy the orc zombie!
You slash the ogre zombie!
The ogre zombie is moderately damaged.
The ogre zombie hits you!
* * * LOW HITPOINT WARNING * * *
HP: 17/73 (-11) ==---------- !
You slash the ogre zombie!
The ogre zombie is heavily damaged.
You slice the ogre zombie!!
You destroy the ogre zombie!
You barely miss the troll zombie. The troll zombie bites you.
* * * LOW HITPOINT WARNING * * *
You block the troll zombie's attack. The troll zombie barely misses you.
HP: 12/73 (-5) =----------- You barely miss the troll zombie.
The troll zombie bites you!
* * * LOW HITPOINT WARNING * * *
The troll zombie claws you but does no damage.
The troll zombie claws you.
You die...

#.##.#.# ......##
...8
########.....#.....
.......#.>.# .?..Z
##...#### #.....
#.....# ....Z.
##...#####....ZZ
#......ZZZ8..Z>
##.#####ZZ....Z.
#...####Z#.Z....
#).)..##@# Z..Z.
#><.#.##.## ...Z
##.[...[).# ...
####.###.# .8 #>#
.# . #.# .. #.# ###
#.# ..# ###


You could see 4 orc zombies and 2 troll zombies.

Vanquished Creatures
  An ugly thing (D:7)
  The ghost of Haaias the Chopper, a novice MiBe of Trog (D:4)
  The ghost of Sekuso the Firebug, a novice FoFE (D:4)
  Sigmund (D:5)
  A shadow (D:10)
  The ghost of Fascinator the Caller, an amateur TeSu (D:4)
  7 wyverns
  A steam dragon (D:7)
  The ghost of zebulonius the Chopper, an amateur MiBe of Trog (D:4)
  A water moccasin (D:8)
  3 orc warriors
  3 sky beasts
  An ogre (D:4)
  A phantom (D:10)
  2 centaurs
  3 kobold brigands
  3 gnoll sergeants (D:9)
  A bullfrog (D:7)
  7 wights
  3 troll zombies (D:10)
  5 howler monkeys
  3 hounds
  3 gnoll shamans
  7 orc priests
  A jelly (D:6)
  5 iguanas
  7 orc wizards
  3 ogre zombies (D:10)
  Robin (D:2)
  10 adders
  23 gnolls
  3 shadow imps
  2 white imps
  2 worms
  2 dart slugs
  34 orcs
  5 bats
  2 bat zombies (D:7)
  8 endoplasms
  3 giant cockroaches
  20 goblins
  12 hobgoblins
  9 jackals
  3 quokkas
  5 ball pythons
  3 frilled lizards (D:1)
  3 goblin skeletons (D:10)
  2 goblin zombies (D:10)
  2 hobgoblin zombies (D:10)
  24 kobolds
  An orc skeleton (D:10)
  9 orc zombies (D:10)
  5 rats
  4 rat zombies (D:7)
274 creatures vanquished.

Vanquished Creatures (collateral kills)
  2 orcs (D:4)
2 creatures vanquished.

Vanquished Creatures (others)
  A kobold (D:8)
  2 plants (D:5)
3 creatures vanquished.

Grand Total: 279 creatures vanquished

Notes
Turn   | Place    | Note
-------+----------+-------------------------------------------
     0 | D:1      | CannotBeFrozen the Demigod Warper began the quest for the
                  | Orb.
     0 | D:1      | Reached XP level 1. HP: 17/17 MP: 5/5
   281 | D:1      | Reached XP level 2. HP: 21/24 MP: 7/7
   298 | D:1      | Learned a level 2 spell: Blink
   992 | D:2      | Noticed Robin
   997 | D:1      | Reached XP level 3. HP: 18/29 MP: 8/8
  1392 | D:2      | Killed Robin
  1636 | D:2      | Identified the +2 spear "Jauzi" {vorpal, rElec MP-9 Dex+4}
  1830 | D:2      | Reached XP level 4. HP: 36/36 MP: 9/9
  1936 | D:2      | Identified the +1 robe of Gestures {rF+}
  3523 | D:4      | Reached XP level 5. HP: 33/41 MP: 10/10
  3621 | D:4      | Found a runed translucent gate.
  3621 | D:4      | Found a runed translucent gate.
  3621 | D:4      | Found a runed translucent gate.
  3622 | D:4      | Noticed zebulonius's ghost (amateur MiBe)
  3624 | D:4      | Noticed Sekuso's ghost (novice FoFE)
  3624 | D:4      | Noticed Fascinator's ghost (amateur TeSu)
  3625 | D:4      | Noticed Haaias's ghost (novice MiBe)
  3659 | D:4      | Reached skill level 1 in Armour
  4092 | D:4      | Identified a scroll of acquirement
  4092 | D:4      | Acquired a +1 vampiric long sword
  4290 | D:4      | Noticed an ogre
  4352 | D:4      | Killed an ogre
  4531 | D:4      | Reached XP level 6. HP: 29/48 MP: 11/11
  5248 | D:5      | Entered Level 5 of the Dungeon
  5530 | D:4      | Reached skill level 1 in Stealth
  5574 | D:5      | Noticed Sigmund
  5725 | D:5      | Reached skill level 1 in Shields
  6371 | D:6      | Reached skill level 1 in Throwing
  7030 | D:6      | Reached XP level 7. HP: 55/55 MP: 13/13
  7175 | D:7      | Noticed a wyvern
  7230 | D:7      | Reached skill level 5 in Long Blades
  7230 | D:7      | Reached skill level 5 in Translocations
  7547 | D:7      | Found a staircase to the Ecumenical Temple.
  7833 | D:7      | Learned a level 3 spell: Gell's Gravitas
  7910 | D:7      | Reached XP level 8. HP: 61/61 MP: 14/14
  8950 | D:7      | Noticed a cyan ugly thing
  9125 | D:5      | Killed Sigmund
  9991 | D:8      | Learned a level 5 spell: Manifold Assault
 10025 | D:8      | Reached XP level 9. HP: 67/67 MP: 15/15
 10157 | D:8      | Identified the +5 great sword "Liseosch" {drain, rElec
                  | rPois rCorr MP+9}
 10291 | D:7      | Killed a cyan ugly thing
 10592 | D:8      | You fall into a shaft and drop 3 floors!
 10596 | D:10     | Entered Level 10 of the Dungeon
 10814 | D:8      | Found a transporter.
 10814 | D:8      | Identified the -2 helmet of the Planets {Rampage Will++
                  | Str+9 Dex-2}
 10814 | D:8      | Noticed Bruhh's ghost (novice TrGl)
 10865 | D:8      | Found a transporter.
 10872 | D:8      | Noticed a moth of wrath
 12507 | D:9      | Reached XP level 10. HP: 54/73 MP: 16/16
 13191 | D:4      | Killed Haaias's ghost
 13199 | D:4      | Killed Sekuso's ghost
 13207 | D:4      | Killed Fascinator's ghost
 13208 | D:4      | Reached skill level 10 in Long Blades
 13208 | D:4      | Reached skill level 10 in Translocations
 13211 | D:4      | Killed zebulonius's ghost
 13504 | D:4      | Identified the amulet of Kikez {Reflect Will+ SH+5}
 13798 | D:10     | Noticed a catoblepas
 13798 | D:10     | Noticed a manticore
 13865 | D:10     | Found a staircase to the Orcish Mines.
 13898 | D:10     | HP: 2/73 [troll zombie (11)]
 13898 | D:10     | Slain by a troll zombie

Illustrated notes

Levels and vault maps discovered:
D:1:      amcnicky_arrival_gap_in_the_tavern_cellar, layout_basic
D:2:      layout_rooms, shapermc_ecumenical_altar_mp_highgroup, uniq_robin
D:3:      layout_loops_corners, mainiacjoe_overflow_big_doors
D:4:      layout_basic, gammafunk_ghost_cemetery, minmay_misc_feat_room,
          minmay_misc_feat_cross, minmay_ogre_servants
D:5:      layout_rooms, serial_bayou_pond_b, minmay_fractal_squares_gapless_5,
          uniq_sigmund
D:6:      layout_loops_ring, kennysheep_opposing_triangles
D:7:      layout_rooms, lemuel_zombie_altar_kikubaaqudgha,
          mainiacjoe_overflow_24_doors, temple_statues,
          kennysheep_generic_room_6
D:8:      layout_cave_pools, nicolae_overflow_hidden_temple,
          gammafunk_ghost_berserking_beasts
D:9:      layout_roguey, jmf_multi_god_temple
D:10:     nzn_motion_control, layout_loops_cross, nicolae_uskayaw_suspiria,
          zombieorc2_lemuel
D:11:     layout_rooms, lair_entry_dummy, uniq_lodul

Skill      XL: |  1  2  3  4  5  6  7  8  9 10 |
---------------+-------------------------------+-----
Long Blades    | 2 3 4 5 7 9 10 | 10.3
Translocations | 3 4 5 7 9 10 | 10.3
Spellcasting   | 2 |  2.0
Armour         | 2 |  2.0
Dodging        | 2 |  2.0
Fighting       | 2 |  2.0
Stealth        | 2 |  2.0
Shields        | 2 |  2.0
Throwing       | 2 |  2.0

Action                   |  1- 3 |  4- 6 |  7- 9 | 10-12 || total
-------------------------+-------+-------+-------+-------++-------
Melee: Falchion          |    53 |       |       |       ||    53
       Dagger            |    87 |    92 |    21 |       ||   200
       Punch             |     1 |     1 |       |       ||     2
       Long sword        |       |   230 |   238 |       ||   468
       Great sword       |       |       |   139 |    58 ||   197
Throw: Stone             |     7 |    17 |    35 |       ||    59
       Dart              |     6 |     9 |    17 |     5 ||    37
       Boomerang         |       |       |     5 |       ||     5
 Cast: Blink             |       |     5 |     5 |       ||    10
       Gell's Gravitas   |       |       |     5 |     9 ||    14
Evoke: Wand              |       |       |     2 |     1 ||     3
  Use: Scroll            |     1 |    13 |     6 |       ||    20
       Potion            |       |     1 |       |     1 ||     2
 Stab: Invisible         |     1 |       |       |       ||     1
       Sleeping          |       |       |     2 |       ||     2
       Distracted        |       |       |     1 |       ||     1
Armor: Leather armour    |    44 |    23 |       |       ||    67
       Ring mail         |       |    96 |    49 |    12 ||   157
       Steam dragon scal |       |       |    39 |       ||    39
Dodge: Dodged            |    75 |   137 |   174 |    15 ||   401
Block: Buckler           |     8 |    27 |   125 |       ||   160
       Reflection        |       |     2 |     7 |       ||     9
       Other             |       |       |    40 |     7 ||    47

Table legend: (Time is in decaauts)
 A = Elapsed time spent in this place.
 B = Non-inter-level travel time spent in this place.
 C = Inter-level travel time spent in this place.
 D = Time resting spent in this place.
 E = Time spent auto-exploring this place.
 F = Levels seen in this place.
 G = Mean time per level.
                   A        B        C        D        E       F      G
               +--------+--------+--------+--------+--------+-----+--------+
         Total |  14003 |  13075 |    928 |   3571 |   5778 |  11 | 1273.0 |
       Dungeon |  14003 |  13075 |    928 |   3571 |   5778 |  11 | 1273.0 |
               +--------+--------+--------+--------+--------+-----+--------+

Top non-repeatable levels by time:
     D:4: 2857 daAuts
     D:9: 2009 daAuts
     D:7: 1947 daAuts
     D:3: 1414 daAuts
     D:5: 1343 daAuts
     D:6: 1205 daAuts
     D:1: 1178 daAuts
     D:8: 1011 daAuts
     D:2: 855 daAuts
    D:10: 178 daAuts
    D:11: 3 daAuts
